 Dungeon Crawl Stone Soup version 0.31-a0-986-g5e6e4ef867 (webtiles) character file.

Game seed: 18167587395085318003

893 dialectric the Cudgeller (level 7, -1/56 HPs)
             Began as a Demonspawn Fighter on Nov 8, 2023.
             Splashed by a jelly's acid (8 damage)
             ... on level 5 of the Dungeon on Nov 9, 2023.
             The game lasted 00:06:22 (3244 turns).

dialectric the Cudgeller (Demonspawn Fighter)       Turns: 3244, Time: 00:06:22

Health: -1/56      AC: 12    Str: 19    XL:     7   Next: 78%
Magic:  7/7        EV:  6    Int:  9    God:
Gold:   78         SH:  0    Dex: 12    Spells: 6/6 levels left

rFire   . . .        a - +0 flail
rCold   . . .        (no shield)
rNeg    . . .        j - +0 plate armour
rPois   .            i - +0 helmet
rElec   .            (no cloak)
rCorr   .            f - +0 pair of gloves
SInv    .            (no boots)
Will    .....        (no amulet) Stlth
                     l - ring of flight
HPRegen 0.29/turn    (no ring)
MPRegen 0.10/turn

%: no passive effects
@: corroded, flying
A: rugged brown scales 2, ignite blood 1, weakness stinger 1
a: no special abilities


You were on level 5 of the Dungeon.
You visited 1 branch of the dungeon, and saw 5 of its levels.

You collected 114 gold pieces.
You spent 36 gold pieces at shops.

Inventory:

Hand Weapons
 a - a +0 flail (weapon)
 s - a +2 flail of holy wrath
Missiles
 h - 12 poisoned darts
Armour
 b - a +0 scale mail
 c - a +0 buckler
 f - a +0 pair of gloves (worn)
 i - a +0 helmet (worn)
 j - a +0 plate armour (worn)
 v - a +0 plate armour
Jewellery
 l - a ring of flight (left hand)
 n - a ring of see invisible
Scrolls
 e - a scroll of identify {unknown}
 g - 2 scrolls of enchant weapon {unknown}
 m - a scroll of fog {unknown}
 p - 3 scrolls of teleportation
 r - a scroll of enchant armour {unknown}
 t - a scroll of fear
Potions
 d - a potion of haste {unknown}
 k - a potion of heal wounds
 o - a potion of invisibility
 q - 2 potions of attraction {unknown}


   Skills:
 - Level 4.1 Fighting
 + Level 5.7 Maces & Flails
 + Level 5.0 Armour
 * Level 2.5 Dodging
 + Level 3.0 Shields


You had 6 spell levels left.
You didn't know any spells.
Your spell library contained the following spells:

 Spells                   Type           Power      Damage    Failure   Level
 Magic Dart               Conj           0%         1d3       100%        1
 Ensorcelled Hibernation  Hex/Ice        0%         N/A       100%        2
 Passwall                 Tmut/Erth      0%         N/A       100%        2
 Searing Ray              Conj           0%         2d4       100%        2
 Swiftness                Air            0%         N/A       100%        3
 Fulminant Prism          Conj/Hex       0%         3d5       100%        4


Dungeon Overview and Level Annotations

Branches:
Dungeon (5/15)
 Temple: D:4-7

Altars:
Uskayaw
Vehumet

Shops:
D:4 **


Innate Abilities, Weirdness & Mutations

You are mostly covered in rugged brown scales. (AC +2, +5% HP)
Your demonic aura sometimes causes spilled blood to erupt in flames.
You have a small tail.


Message History

Unknown command.
You hit the iguana. You punch the iguana, but do no damage.
The iguana is lightly wounded.
You feel sick. The iguana closely misses you.
You are too injured to fight recklessly!
You hit the iguana but do no damage.
The iguana is lightly wounded.
You feel sick.
You are no longer poisoned.
The iguana bites you.
You are too injured to fight recklessly!
You sock the iguana!
The iguana is almost dead.
The iguana bites you but does no damage.
The iguana barely misses you.
Unknown command.
You hit the iguana.
You kill the iguana!
Your Armour skill increases to level 5!
You are too injured to fight recklessly!
Unknown command.
You hit the jelly.
Your hands burn!
* * * LOW HITPOINT WARNING * * *
The jelly is lightly wounded.
The jelly hits you but does no damage.
You are too injured to fight recklessly!
You hit the jelly but do no damage. The acid corrodes you!
Your hands burn!
* * * LOW HITPOINT WARNING * * *
You tail-slap the jelly.
The jelly is lightly wounded.
The jelly hits you but does no damage.
Unknown command.
You hit the jelly.
Your hands burn!
* * * LOW HITPOINT WARNING * * *
You tail-slap the jelly.
The jelly is heavily wounded.
The jelly hits you.
* * * LOW HITPOINT WARNING * * *
You are splashed with acid!
You die...

#.##.#.# #
#.##.#.#
⌠..
#.##.#.#
...
#......#
####
####.###
#.# #.#
#.####.#..
#.@J......
######.###


You could see a jelly.

Vanquished Creatures
  2 water moccasins (D:5)
  An ogre (D:5)
  A centaur (D:5)
  A scorpion (D:4)
  3 hounds
  A gnoll bouda (D:5)
  2 orc priests
  2 iguanas
  3 orc wizards
  3 gnolls (D:5)
  2 adders
  A white imp (D:4)
  2 worms
  3 dart slugs
  16 orcs
  8 endoplasms
  6 giant cockroaches
  10 goblins
  4 hobgoblins
  4 jackals (D:4)
  5 kobolds
  A quokka (D:5)
  6 ball pythons
  2 bats
  A frilled lizard (D:2)
  5 rats
95 creatures vanquished.

Notes
Turn   | Place    | Note
-------+----------+-------------------------------------------
     0 | D:1      | dialectric the Demonspawn Fighter began the quest for the
                  | Orb.
     0 | D:1      | Reached XP level 1. HP: 18/18 MP: 1/1
   181 | D:1      | Gained mutation: You have a small tail. [demonic ancestry]
   181 | D:1      | Reached XP level 2. HP: 16/24 MP: 2/2
   784 | D:2      | You fall into a shaft and drop 1 floor!
   800 | D:3      | Gained mutation: You are partially covered in rugged brown
                  | scales. (AC +1, +3% HP) [demonic ancestry]
   800 | D:3      | Reached XP level 3. HP: 15/29 MP: 3/3
   945 | D:3      | Reached XP level 4. HP: 37/37 MP: 4/4
  1090 | D:3      | Found a radiant altar of Vehumet.
  1523 | D:4      | Noticed a scorpion
  1532 | D:4      | Killed a scorpion
  1533 | D:4      | Gained mutation: Your demonic aura sometimes causes spilled
                  | blood to erupt in flames. [demonic ancestry]
  1533 | D:4      | Reached XP level 5. HP: 28/43 MP: 5/5
  1656 | D:4      | Found a hide-covered altar of Uskayaw.
  1681 | D:4      | Found Yxtehisch's General Store.
  1793 | D:4      | Gained mutation: You are mostly covered in rugged brown
                  | scales. (AC +2, +5% HP) [demonic ancestry]
  1793 | D:4      | Reached XP level 6. HP: 10/50 MP: 3/6
  2061 | D:4      | Found Measaime's CLEARANCE SALE!.
  2069 | D:4      | Bought a scroll of fear for 16 gold pieces
  2069 | D:4      | Bought a potion of berserk rage for 20 gold pieces
  2526 | D:5      | Entered Level 5 of the Dungeon
  2559 | D:5      | Reached skill level 1 in Dodging
  2845 | D:5      | HP: 1/50 [centaur (3)]
  2854 | D:5      | Reached XP level 7. HP: 33/56 MP: 7/7
  2976 | D:5      | Reached skill level 5 in Maces & Flails
  3242 | D:5      | Reached skill level 5 in Armour
  3244 | D:5      | Splashed by a jelly's acid

Illustrated notes

Levels and vault maps discovered:
D:1:      onia_arrival_mini_spirals, layout_basic, serial_curves,
          eino_curves_03, eino_curves_03
D:2:      layout_loops_ring, chequers_mini_garden
D:3:      layout_basic, nicolae_vehumet_radiance
D:4:      layout_cave_pods, eat_drink_and_be_merry_uskayaw, serial_shops,
          nicolae_shop_temple_entry_statues_fountains, nicolae_shop_clearance
D:5:      layout_loops_corners, mainiacjoe_overflow_small_starburst,
          minmay_temple_entry_junction, grunt_ministairs_4

Skill      XL: |  1  2  3  4  5  6  7 |
---------------+----------------------+-----
Maces & Flails | 2 3 4 5 |  5.7
Armour         | 3 4 5 |  5.0
Shields        | 3 |  3.0
Fighting       | 4 |  4.1
Dodging        | 1 2 |  2.5

Action                     |  1- 3 |  4- 6 |  7- 9 || total
---------------------------+-------+-------+-------++-------
  Melee: Flail             |    81 |   174 |    50 ||   305
         Tailslap          |     9 |    28 |     5 ||    42
         Punch             |       |     1 |     1 ||     2
    Use: Potion            |       |     9 |     1 ||    10
         Scroll            |       |     1 |       ||     1
 Armour: Scale mail        |    58 |    18 |       ||    76
         Plate armour      |       |   216 |    48 ||   264
  Dodge: Dodged            |    52 |    64 |    18 ||   134
  Block: Buckler           |     1 |       |       ||     1

Table legend: (Time is in decaauts)
 A = Elapsed time spent in this place.
 B = Non-inter-level travel time spent in this place.
 C = Inter-level travel time spent in this place.
 D = Time resting spent in this place.
 E = Time spent auto-exploring this place.
 F = Levels seen in this place.
 G = Mean time per level.
                   A        B        C        D        E       F      G
               +--------+--------+--------+--------+--------+-----+--------+
         Total |   3317 |   3252 |     65 |      0 |   2442 |   5 |  663.4 |
       Dungeon |   3317 |   3252 |     65 |      0 |   2442 |   5 |  663.4 |
               +--------+--------+--------+--------+--------+-----+--------+

Top non-repeatable levels by time:
     D:4: 1021 daAuts
     D:3: 757 daAuts
     D:5: 738 daAuts
     D:1: 691 daAuts
     D:2: 108 daAuts
